 Dungeon Crawl Stone Soup version 0.28.0-45-g0d030f2227 (webtiles) character file.

Game seed: 15153289391071697664

62 Zeld the Gusty (level 4, -3/24 HPs)
             Began as a Tengu Air Elementalist on Apr 4, 2022.
             Slain by Sigmund
             ... wielding a +0 scythe
              (12 damage)
             ... on level 2 of the Dungeon.
             The game lasted 00:01:59 (1377 turns).

Zeld the Gusty (Tengu Air Elementalist)             Turns: 1377, Time: 00:01:59

Health: -3/24      AC:  2    Str:  9    XL:     4   Next: 8%
Magic:  2/9        EV: 12    Int: 17    God:
Gold:   69         SH:  0    Dex: 14    Spells: 2/8 levels left

rFire   . . .      SeeInvis .   (no weapon)
rCold   . . .      Faith    .   (no shield)
rNeg    . . .      Spirit   .   a - +0 robe
rPois   .          Reflect  .   (helmet restricted)
rElec   .          Harm     .   (no cloak)
rCorr   .          Rampage  .   (no gloves)
Will    .....                   (boots unavailable)
Stlth   ++........              (no amulet)
HPRegen 0.08/turn               (no ring)
MPRegen 0.11/turn               (no ring)

@: no status effects
A: beak, talons 3
a: no special abilities


You were on level 2 of the Dungeon.
You visited 1 branch of the dungeon, and saw 2 of its levels.

You collected 69 gold pieces.

Inventory:

Armour
 a - a +0 robe (worn)
Scrolls
 b - 3 scrolls of identify {unknown}
 d - a scroll of enchant weapon {unknown}
Potions
 c - a potion of curing {unknown}
 e - a potion of attraction {unknown}
 f - a potion of magic {unknown}
 g - a potion of berserk rage {unknown}


   Skills:
 + Level 2.6 Dodging
 + Level 2.4 Stealth
 * Level 2.6 Spellcasting
 + Level 2.1 Conjurations
 * Level 4.9 Air Magic


You had 2 spell levels left.
You knew the following spells:

 Your Spells              Type           Power      Damage    Failure   Level
a - Shock                 Conj/Air       56%        1d6       4%          1
b - Static Discharge      Conj/Air       14%        N/A       6%          2
c - Swiftness             Air            19%        N/A       7%          3

Your spell library contained the following spells:

 Spells                   Type           Power      Damage    Failure   Level
 Scorch                   Fire           4%         2d5       26%         2
 Airstrike                Air            9%         N/A       24%         4
 Flame Wave               Conj/Fire      6%         2d5       75%         4
 Summon Cactus Giant      Summ           1%         N/A       100%        6


Dungeon Overview and Level Annotations

Branches:
Dungeon (2/15)

Altars:

Shops:
D:2 =

Annotations:
D:2 Sigmund


Innate Abilities, Weirdness & Mutations

You have a beak for a mouth.
You have claws for feet.


Message History

Found 14 stones.
Found a stone staircase leading down.
You see here 14 stones.
There is a stone staircase leading down here.
Sigmund the Dreaded comes into view.
He is wielding a +0 scythe.
Found a chain mail.
Casting: Shock (safe; 4% risk of failure)
Confirm with . or Enter, or press ? or * to list all spells.
Aiming: Shock (safe; 4% risk of failure)
Press: ? - help, Shift-Dir - straight line, f - Sigmund
Aim: Sigmund, wielding a +0 scythe and wearing a +0 robe (asleep, 100% to hit)
The zap hits Sigmund.
Sigmund is lightly wounded.
Sigmund shouts!
Sigmund hits you from afar with a +0 scythe.
Press: ? - help, v - describe, . - travel
Here: Sigmund, wielding a +0 scythe and wearing a +0 robe (lightly wounded)
The floor.
Casting: Shock (safe; 4% risk of failure)
Confirm with . or Enter, or press ? or * to list all spells.
Sigmund is struck by an arc of lightning.
Sigmund is lightly wounded.
The lightning grounds out.
Sigmund casts a spell at you. The magic dart hits you!
Casting: Static Discharge (safe; 6% risk of failure)
Confirm with . or Enter, or press ? or * to list all spells.
Sigmund is struck by an arc of lightning!
Sigmund is heavily wounded.
You are struck by an arc of lightning.
The lightning grounds out.
Sigmund barely misses you.
Unknown command.
Casting: Static Discharge (safe; 6% risk of failure)
Confirm with . or Enter, or press ? or * to list all spells.
Sigmund is struck by an arc of lightning.
Sigmund is heavily wounded.
You are struck by an arc of lightning.
The lightning grounds out.
Sigmund hits you with a +0 scythe!
Ouch! That really hurt!
You die...

##...##..#.# #.######.#....... #
##..##(.# # #.# ##>######.#
#.###..##..#.####.#####...#####.#
..#....##..#.....#..............#
....##.....######.#####..(#######
.....#..##.# #.# ##.........
#[.†.###.# #.# #########.
#.##...###.######.# ##
#.............[@@.# #
#####..###.######## # #..# #.# #
#####.####.# # #..>.......# #
#.###.##...# # . #.##...# #
...#.##...# # #........#


You could see Sigmund.

Vanquished Creatures
  Jessica (D:2)
  A dart slug (D:2)
  4 bats
  2 endoplasms
  3 giant cockroaches
  3 goblins
  2 hobgoblins (D:1)
  2 quokkas (D:1)
  3 ball pythons
  4 frilled lizards
  6 kobolds (D:1)
  3 rats (D:1)
34 creatures vanquished.

Vanquished Creatures (others)
  4 plants (D:1)
4 creatures vanquished.

Grand Total: 38 creatures vanquished

Notes
Turn   | Place    | Note
-------+----------+-------------------------------------------
     0 | D:1      | Zeld the Tengu Air Elementalist began the quest for the
                  | Orb.
     0 | D:1      | Reached XP level 1. HP: 10/10 MP: 4/4
   100 | D:1      | Found a faded altar of an unknown god.
   190 | D:1      | Reached XP level 2. HP: 15/15 MP: 4/6
   834 | D:1      | Reached XP level 3. HP: 19/19 MP: 4/7
   837 | D:1      | Learned a level 2 spell: Static Discharge
   841 | D:1      | Learned a level 3 spell: Swiftness
  1129 | D:2      | Noticed Jessica
  1131 | D:2      | Killed Jessica
  1167 | D:2      | Reached XP level 4. HP: 24/24 MP: 3/8
  1213 | D:2      | Found Udghotegh's Jewellery Boutique.
  1372 | D:2      | Noticed Sigmund
  1377 | D:2      | Slain by Sigmund

Illustrated notes

Levels and vault maps discovered:
D:1:      scummos_arrival_simple_fountains, layout_basic,
          hellmonk_ecumenical_altar_pennies_from_heaven, lexackson_kobold_supper
D:2:      kennysheep_the_goblin_king, layout_loops_ring, serial_shops, shop,
          minmay_tromino_v2, uniq_jessica, uniq_sigmund

Skill      XL: |  1  2  3 |
---------------+----------+-----
Conjurations   | 2 |  2.1
Dodging        | |  2.6
Stealth        | |  2.4
Spellcasting   | |  2.6
Air Magic      | |  4.9

Action                   |  1- 3 |  4- 6 || total
-------------------------+-------+-------++-------
Melee: Unarmed           |     8 |       ||     8
       Kick              |     1 |       ||     1
       Peck              |     1 |       ||     1
       Punch             |     1 |       ||     1
 Cast: Shock             |    46 |     8 ||    54
       Static Discharge  |       |     3 ||     3
Armor: Robe              |     1 |       ||     1
Dodge: Dodged            |    10 |     3 ||    13
